 Dungeon Crawl Stone Soup version 0.28.0-53-g5a82cb258f (webtiles) character file.

Game seed: 11849136353215642214

81977 LustLizard the Severer (level 15, -2/137 HPs)
             Began as a Minotaur Berserker on July 30, 2022.
             Was a High Priest of Trog.
             Slain by an entropy weaver (5 damage)
             ... on level 2 of the Lair of Beasts.
             The game lasted 01:00:03 (34353 turns).

LustLizard the Severer (Minotaur Berserker)        Turns: 34353, Time: 01:00:03

Health: -2/137     AC: 21    Str: 34    XL:     15   Next: 28%
Magic:  14/14      EV:  9    Int:  6    God:    Trog [*****.]
Gold:   1815       SH: 11    Dex: 11    Spells: 14/14 levels left

rFire   . . .      SeeInvis .   I - +11 hand axe of Vapsi {vamp, rElec Str+2}
rCold   . . .      Faith    .   p - +0 kite shield
rNeg    . . .      Spirit   .   q - +0 plate armour
rPois   +          Reflect  .   a - +0 hat {Will+}
rElec   +          Harm     .   Y - +1 cloak
rCorr   .          Rampage  .   M - +2 pair of gloves
Will    ++...                   m - +0 pair of boots
Stlth   ..........              (no amulet)
HPRegen 0.32/turn               R - +6 ring of strength
MPRegen 0.14/turn               S - ring of poison resistance

@: no status effects
A: horns 2, retaliatory headbutt
a: Renounce Religion, Berserk, Trog's Hand, Brothers in Arms


You were on level 2 of the Lair of Beasts.
You worshipped Trog.
Trog was extremely pleased with you.
You visited 4 branches of the dungeon, and saw 23 of its levels.

You collected 1948 gold pieces.
You spent 133 gold pieces at shops.

Inventory:

Hand Weapons
 E - the +2 hunting sling "Demonslayer" {freeze, rC+++ rCorr Str+6 Dex-3}
   (You found it on level 5 of the Dungeon)

   Any ammunition fired from it freezes those it strikes, dealing additional
   cold damage.
   It can also slow down cold-blooded creatures.
   Str:       It affects your strength (+6).
   Dex:       It affects your dexterity (-3).
   rC:        It renders you almost immune to cold.
   rCorr:     It protects you from acid and corrosion.
 I - the +11 hand axe of Vapsi (weapon) {vamp, rElec Str+2}
   (You found it on level 11 of the Dungeon)

   It occasionally heals its wielder for a portion of the damage dealt when it
   wounds a living foe.
   Str:       It affects your strength (+2).
   rElec:     It insulates you from electricity.
 V - the +8 mace of Ignis's Castigation {protect, rElec MP+9 Int+2}
   (You found it on level 9 of the Dungeon)

   It grants its wielder temporary protection when it strikes (+7 to AC).
   Int:       It affects your intelligence (+2).
   rElec:     It insulates you from electricity.
   MP:        It affects your magic capacity (+9).
Missiles
 c - 521 stones (quivered)
 f - 4 javelins
 o - 13 poisoned darts
 u - a throwing net
 K - 156 sling bullets
 L - 5 atropa-tipped darts
 O - 3 boomerangs
Armour
 a - a +0 hat of willpower (worn)
 m - a +0 pair of boots (worn)
 p - a +0 kite shield (worn)
 q - a +0 plate armour (worn)
 M - a +2 pair of gloves (worn)
 Y - a +1 cloak (worn)
Jewellery
 N - a ring of flight
 Q - a ring of positive energy
 R - a +6 ring of strength (left hand)
 S - a ring of poison resistance (right hand)
 X - a ring of protection from cold
Wands
 b - a wand of polymorph (8)
 i - a wand of digging (3)
 l - a wand of iceblast (9)
 x - a wand of mindburst (14)
 J - a wand of paralysis (8)
Scrolls
 d - a scroll of holy word
 e - 3 scrolls of enchant armour
 j - 11 scrolls of teleportation
 s - a scroll of vulnerability
 y - 6 scrolls of enchant weapon
 A - 3 scrolls of blinking
 B - 3 scrolls of identify
 D - 3 scrolls of summoning
 F - 2 scrolls of brand weapon
 G - a scroll of fear
Potions
 g - 2 potions of haste
 h - 2 potions of cancellation
 k - a potion of ambrosia
 n - 5 potions of curing
 r - 2 potions of resistance
 t - 7 potions of flight
 v - 2 potions of mutation
 w - 6 potions of heal wounds
 U - 4 potions of might
 W - a potion of invisibility


   Skills:
 + Level 13.6 Fighting
 - Level 18.0 Axes
 - Level 9.0(10.2) Slings
 - Level 6.7(8.6) Throwing
 * Level 8.5 Armour
 * Level 7.8 Dodging
 + Level 10.0 Shields
 - Level 11.6 Evocations


You had 14 spell levels left.
You didn't know any spells.
Your spell library was empty.

Dungeon Overview and Level Annotations

Branches:
Dungeon (14/15)            Temple (0/1) D:6            Lair (6/6) D:8
 Shoals (0/4) Lair:3       Spider (1/4) Lair:2        Slime (0/5) Lair:6
    Orc (2/2) D:11            Elf (0/3) Orc:2        Vaults (0/5) D:13

Altars:
Ashenzari
Cheibriados
Elyvilon
Gozag
Hepliaklqana
Kikubaaqudgha
Nemelex Xobeh
Qazlal
Trog
Vehumet
Wu Jian
Xom
Yredelemnul
Jiyva

Shops:
D:6 [   D:7 [   D:13 *   Orc:2 *:([


Innate Abilities, Weirdness & Mutations

You have a pair of horns on your head.
You reflexively headbutt those who attack you in melee.


Message History

Unknown command.
Okay, then.
Your magical effects are unravelling.
You feel magically purged.
You feel less confused.
You are no longer corroded.
You feel extremely sick.
The entropy weaver barely misses you. x2
The entropy weaver hits you but does no damage. x2
The jumping spider leaps!
You feel very sick. You block the tarantella's attack.
You block the entropy weaver's attack. The entropy weaver hits you!
* * * LOW HITPOINT WARNING * * *
The entropy weaver hits you.
* * * LOW HITPOINT WARNING * * *
The entropy weaver hits you but does no damage.
The redback barely misses you. You furiously retaliate!
You headbutt the redback! The jumping spider pounces on you!
* * * LOW HITPOINT WARNING * * *
The jumping spider barely misses you.
The tarantella touches you but does no damage.
You block the entropy weaver's attack.
The entropy weaver hits you but does no damage.
You block the entropy weaver's attack. The entropy weaver hits you!
* * * LOW HITPOINT WARNING * * *
You climb upwards.
Welcome back to the Lair of Beasts!
* * * LOW HITPOINT WARNING * * *
You feel very sick.
There is a hole to the Spider Nest here.
You feel better.
The redback bites you but does no damage.
The jumping spider leaps!
You block the tarantella's attack. The redback bites you.
* * * LOW HITPOINT WARNING * * *
The entropy weaver hits you but does no damage.
The entropy weaver hits you.
* * * LOW HITPOINT WARNING * * *
The entropy weaver hits you but does no damage.
The entropy weaver hits you.
You die...

..#
##..P#####..#P.........###
..####P...##.#...s.........##
..##.#.....................#
...............^........P###
...###.....^........#.P###
#.## ##...........^##..# ..#
##...###^..^^##.## .P#
##.###^^^^s^#..## ..#
##..###^°@s#....# ###
#....^##^^B....## #
##....^##...^^#.##
#...........^^#[.#
###..^....^.^^##.##
#......^...##^#..#
##...........##..##
#................#
##..............############


You could see an entropy weaver, a jumping spider, a tarantella and a redback.

Vanquished Creatures
  Jorgrun (D:13)
  Frances (D:12)
  Gastronok (D:9)
  An orc warlord (Orc:2)
  A boulder beetle (D:14)
  3 vault guards (D:13)
  5 hydras
  3 catoblepae (Lair:6)
  An ogre mage (D:13)
  2 two-headed ogres
  3 centaur warriors
  A tengu warrior (D:13)
  15 death yaks
  A phantasmal warrior (D:12)
  6 orc knights
  A lindwurm (Lair:6)
  4 deep elf pyromancers
  4 orc sorcerers (Orc:2)
  2 ugly things
  3 manticores
  4 cyclopes
  4 black mambas
  Joseph (D:7)
  9 elephants
  5 gargoyles
  An unseen horror (D:10)
  9 cane toads
  2 rime drakes
  15 komodo dragons
  A tengu conjurer (D:13)
  A yaktaur (D:13)
  A freezing wraith (D:12)
  An efreet (D:14)
  The ghost of LustLizard the Chopper, an amateur MiBe of Trog (D:4)
  A wolf spider simulacrum (D:12)
  2 polar bears
  5 trolls
  Grinder (D:4)
  7 dream sheep (Lair:6)
  A snapping turtle (Lair:3)
  9 blink frogs
  A yak (shapeshifter) (D:14)
  Sigmund (D:3)
  3 wraiths
  76 yaks
  7 wyverns
  3 shadows
  7 basilisks
  A human (D:13)
  12 vampire mosquitoes
  6 redbacks
  An acid dragon (D:13)
  A two-headed ogre zombie (D:11)
  14 water moccasins
  Duvessa (D:4)
  6 black bears
  2 hornet zombies
  An ice beast (D:5)
  3 necrophages
  32 orc warriors
  8 ogres
  9 wolves
  2 centaurs
  2 phantoms
  Blork the orc (D:4)
  12 bullfrogs
  A scorpion (D:4)
  A gnoll sergeant (D:10)
  A wyvern skeleton (D:6)
  2 water moccasin zombies (D:6)
  Dowan (D:4)
  3 troll zombies (D:11)
  2 water moccasin skeletons
  3 killer bees (D:8)
  10 wights
  6 electric eels
  4 howler monkeys
  3 centaur zombies
  3 hounds (D:5)
  9 orc priests
  4 bullfrog skeletons
  A jelly (D:7)
  2 centaur skeletons
  3 gnoll shamans
  8 orc wizards
  4 iguanas
  A scorpion zombie (D:4)
  4 ogre zombies (D:11)
  2 hound skeletons
  Robin (D:2)
  2 howler monkey zombies (D:6)
  14 gnolls
  7 adders
  A shadow imp (D:7)
  A white imp (D:7)
  An ufetubus (D:7)
  2 worms (D:2)
  An adder skeleton (D:4)
  3 dart slugs
  30 orcs
  4 ball pythons
  4 bats
  7 endoplasms
  3 giant cockroaches
  20 goblins
  11 hobgoblins
  2 jackals (D:3)
  2 quokkas
  2 frilled lizards
  2 goblin skeletons (D:11)
  A goblin zombie (D:11)
  A hobgoblin skeleton (D:11)
  3 hobgoblin zombies (D:11)
  6 kobolds
  2 orc skeletons (D:11)
  15 orc zombies (D:11)
  A quokka zombie (D:4)
  2 rats
581 creatures vanquished.

Vanquished Creatures (others)
  A kobold brigand (D:7)
  A hound (D:7)
  37 fungi
  43 plants
82 creatures vanquished.

Grand Total: 663 creatures vanquished

Notes
Turn   | Place    | Note
-------+----------+-------------------------------------------
     0 | D:1      | LustLizard the Minotaur Berserker began the quest for the
                  | Orb.
     0 | D:1      | Reached XP level 1. HP: 19/19 MP: 0/0
   560 | D:1      | Reached XP level 2. HP: 23/27 MP: 1/1
   707 | D:2      | Reached skill level 4 in Axes
   707 | D:2      | Reached skill level 1 in Throwing
   837 | D:2      | Noticed Robin
   853 | D:2      | Reached XP level 3. HP: 21/33 MP: 2/2
   862 | D:2      | Killed Robin
   866 | D:2      | Reached ** piety under Trog
  1173 | D:2      | Found a sparkling altar of Nemelex Xobeh.
  1232 | D:2      | Reached XP level 4. HP: 40/40 MP: 3/3
  1849 | D:2      | Reached skill level 5 in Axes
  2147 | D:3      | Reached XP level 5. HP: 40/47 MP: 4/4
  2666 | D:3      | Noticed Sigmund
  2679 | D:3      | Killed Sigmund
  2680 | D:3      | Reached skill level 6 in Axes
  2680 | D:3      | Reached XP level 6. HP: 35/55 MP: 5/5
  2931 | D:4      | Noticed Grinder
  2966 | D:4      | Killed Grinder
  2967 | D:4      | Reached skill level 5 in Fighting
  2967 | D:4      | Reached XP level 7. HP: 10/61 MP: 6/6
  3317 | D:4      | Reached skill level 7 in Axes
  3528 | D:4      | Reached *** piety under Trog
  3529 | D:4      | Reached skill level 5 in Throwing
  3620 | D:4      | Found a white marble altar of Elyvilon.
  3854 | D:4      | Found a runed translucent gate.
  3854 | D:4      | Found a runed translucent gate.
  3854 | D:4      | Found a runed translucent gate.
  3854 | D:4      | Noticed LustLizard's ghost (amateur MiBe)
  3856 | D:4      | Found a basalt altar of Yredelemnul.
  3856 | D:4      | Noticed Blork the orc
  3878 | D:4      | Killed Blork the orc
  4255 | D:4      | Noticed Dowan
  4255 | D:4      | Noticed Duvessa
  4279 | D:4      | Killed Duvessa
  4280 | D:4      | Reached skill level 8 in Axes
  4280 | D:4      | Reached XP level 8. HP: 70/70 MP: 7/7
  4286 | D:4      | Killed Dowan
  4467 | D:4      | Found a snail-covered altar of Cheibriados.
  4467 | D:4      | Found a faded altar of an unknown god.
  4475 | D:4      | Found an ancient bone altar of Kikubaaqudgha.
  4477 | D:4      | Found a bloodstained altar of Trog.
  4479 | D:4      | Found a faded altar of an unknown god.
  4659 | D:5      | Entered Level 5 of the Dungeon
  4908 | D:5      | Found an opulent altar of Gozag.
  4908 | D:5      | Found an opulent altar of Gozag.
  4909 | D:5      | Found an opulent altar of Gozag.
  4913 | D:5      | Found an opulent altar of Gozag.
  5105 | D:5      | Reached skill level 1 in Evocations
  5368 | D:5      | Reached skill level 9 in Axes
  5419 | D:5      | Identified the +2 hunting sling "Demonslayer" {freeze,
                  | rC+++ rCorr Str+6 Dex-3}
  5461 | D:5      | Reached skill level 1 in Slings
  5859 | D:6      | Found a staircase to the Ecumenical Temple.
  5959 | D:6      | Reached XP level 9. HP: 79/79 MP: 8/8
  6089 | D:6      | Found Tusiyg's Armour Shoppe.
  6563 | D:6      | Found a sparkling altar of Nemelex Xobeh.
  7020 | D:6      | Found an ornate altar of the Wu Jian Council.
  7139 | D:4      | Killed LustLizard's ghost
  7218 | D:7      | Found a hazy altar of Hepliaklqana.
  7224 | D:7      | Reached skill level 10 in Axes
  7224 | D:7      | Found a radiant altar of Vehumet.
  7234 | D:7      | Found Onta's Antique Armour Shop.
  8021 | D:7      | Noticed Joseph
  8031 | D:7      | Killed Joseph
  8544 | D:7      | Reached skill level 5 in Slings
  8568 | D:7      | Reached XP level 10. HP: 65/88 MP: 9/9
  8599 | D:7      | Reached skill level 11 in Axes
  8857 | D:7      | Reached **** piety under Trog
  8927 | D:7      | Reached skill level 5 in Evocations
  8970 | D:7      | Found a shimmering altar of Xom.
 10173 | D:8      | Found a staircase to the Lair.
 10942 | Lair:1   | Entered Level 1 of the Lair of Beasts
 11411 | Lair:1   | Identified the +7 falchion "Minotaur's Doom" {freeze, rElec
                  | rN+ Dex+2 Stlth+}
 11629 | Lair:1   | Reached skill level 12 in Axes
 12059 | Lair:1   | Reached XP level 11. HP: 97/97 MP: 10/10
 13300 | Lair:2   | Reached skill level 13 in Axes
 13307 | Lair:2   | Found a hole to the Spider Nest.
 13835 | Lair:2   | Identified the +7 flail "Lig Filaffo" {venom, rN+}
 14726 | Lair:3   | Noticed a death yak
 14742 | Lair:2   | Killed a death yak
 14743 | Lair:2   | Reached skill level 10 in Fighting
 15009 | Lair:3   | Noticed a death yak
 15009 | Lair:3   | Noticed a death yak
 15034 | Lair:2   | HP: 2/99 [death yak (22)]
 15035 | Lair:2   | Killed a death yak
 15453 | Lair:3   | You are sucked into a shaft and drop 2 floors!
 15453 | Lair:5   | Noticed a four-headed hydra
 15465 | Lair:5   | Killed a four-headed hydra
 15472 | Lair:5   | Reached XP level 12. HP: 75/106 MP: 11/11
 16092 | Lair:4   | Reached skill level 14 in Axes
 17046 | Lair:3   | Killed a death yak
 17434 | Lair:3   | Reached skill level 15 in Axes
 17908 | Lair:3   | Noticed an eight-headed hydra
 18505 | D:9      | Noticed Gastronok
 18533 | D:9      | Killed Gastronok
 18533 | D:9      | Reached ***** piety under Trog
 18534 | D:9      | Reached skill level 1 in Shields
 18736 | D:9      | Identified the +8 mace of Ignis's Castigation {protect,
                  | rElec MP+9 Int+2}
 19061 | D:10     | Entered Level 10 of the Dungeon
 19201 | D:10     | Reached skill level 10 in Evocations
 19243 | D:10     | Found a stormy altar of Qazlal.
 19526 | D:10     | Noticed a two-headed ogre
 19606 | D:10     | Killed a two-headed ogre
 20048 | D:10     | Found a broken altar of Ashenzari.
 20485 | D:11     | Identified the +11 hand axe of Vapsi {vamp, rElec Str+2}
 20580 | D:11     | Reached XP level 13. HP: 109/116 MP: 12/12
 20735 | D:11     | Found a staircase to the Orcish Mines.
 20895 | D:11     | Received a gift from Trog
 21589 | Orc:1    | Entered Level 1 of the Orcish Mines
 21684 | Orc:2    | Entered Level 2 of the Orcish Mines
 21710 | Orc:2    | Found Sutaduum's Antique Weapon Emporium.
 21718 | Orc:2    | Reached skill level 5 in Shields
 22340 | Orc:2    | Found Rafit's Antique Armour Boutique.
 22484 | Orc:1    | Reached skill level 16 in Axes
 23083 | Orc:2    | Noticed an orc warlord
 23168 | Orc:2    | Killed an orc warlord
 23934 | Orc:2    | Found a staircase to the Elven Halls.
 24033 | Orc:2    | Found Iweugeis's General Store.
 24115 | Orc:2    | Received a gift from Trog
 24307 | Orc:2    | Found Odenu's Book Shoppe.
 24687 | Orc:2    | Bought a scroll of summoning for 133 gold pieces
 25209 | Lair:3   | Found a staircase to the Shoals.
 26696 | Lair:5   | Reached XP level 14. HP: 90/127 MP: 13/13
 26873 | Lair:5   | Reached skill level 17 in Axes
 27610 | Lair:6   | Entered Level 6 of the Lair of Beasts
 28401 | Lair:6   | Reached skill level 5 in Armour
 28699 | Lair:6   | Reached skill level 5 in Dodging
 29283 | Lair:6   | Found a viscous altar of Jiyva.
 29284 | Lair:6   | Found a staircase to the Slime Pits.
 30315 | D:12     | Noticed Frances
 30343 | D:12     | Killed Frances
 31802 | D:13     | Reached skill level 18 in Axes
 31895 | D:13     | Noticed Jorgrun
 31915 | D:13     | Killed Jorgrun
 32281 | D:13     | Reached XP level 15. HP: 136/136 MP: 14/14
 32399 | D:13     | Found Ydisican's Gadget Gallery.
 32753 | D:13     | Found a gate to the Vaults.
 33887 | D:14     | Reached skill level 10 in Shields
 34331 | Spider:1 | Entered Level 1 of the Spider Nest
 34352 | Lair:2   | HP: 4/137 [poisoned by a redback]
 34353 | Lair:2   | Slain by an entropy weaver

Illustrated notes

Levels and vault maps discovered:
D:1:      dpeg_arrival_three_smaller_balls, layout_loops_ring,
          minmay_tetromino_i2
D:2:      layout_rooms, basic_altar, uniq_robin
D:3:      layout_basic, uniq_sigmund
D:4:      layout_loops_cross, nicolae_yredelemnul_ghost_church,
          chequers_temple_overflow_minitemple, nicolae_elyvilon_peaceful_grove,
          serial_park_tiny_pond, uniq_duvessa, uniq_blork_the_orc, uniq_grinder
D:5:      layout_cave_pods, nicolae_gozag_conspicuous_consumption, minmay_puff
D:6:      layout_cave_pods, nzn_wu_jian_contemplation,
          nemelex_diamond_rough_becter, minmay_temple_entry_wispy, serial_shops,
          kennysheep_little_box, serial_undead, serial_undead_f,
          serial_undead_d, serial_undead_b, serial_undead_b, serial_undead_d,
          serial_undead_d, minmay_misc_feat_x
D:7:      layout_loops_ring, xom_confusion_cloud,
          chequers_temple_overflow_statue_of_worship, serial_shops,
          nicolae_diamond_shop, chequers_big_river, uniq_joseph
D:8:      layout_loops_corners, grunt_lair_entry_orc_guard_hut,
          kennysheep_generic_room_10
D:9:      layout_loops_corners, uniq_gastronok
D:10:     layout_irregular_city, grunt_qazlal_clouds,
          lemuel_coloured_pillars_altar
D:11:     layout_gridville, zombieorc2_lemuel
D:12:     layout_irregular_city, uniq_frances
D:13:     layout_roguey, grunt_vaults_entry_fortified, nicolae_shop_gadgets,
          uniq_jorgrun
D:14:     layout_roguey
Lair:1:   layout_gridlike
Lair:2:   layout_cave_pods, spider_nest_entry_webs, beast_lair_carwin_6
Lair:3:   layout_big_grid, minmay_shoals_entry_hut, columned_hall_lemuel,
          infiniplex_staircase_pool
Lair:4:   layout_loops_ring, serial_bayou_shore_a, grunt_megastairs_4,
          serial_bayou_shore_b
Lair:5:   layout_loops_ring, grunt_megastairs_1
Lair:6:   evilmike_catoblepas_cave, layout_loops_ring,
          dpeg_slime_entry_enclosed_altar, chequers_serial_rivers_micro_a
Spider:1: layout_spider_delve, nicolae_spider_paper_wasps, uniq_louise,
          uniq_roxanne
Orc:1:    layout_diamond_mine, basic_altar
Orc:2:    grunt_orc_gardens, layout_diamond_mine, grunt_orc_garden,
          grunt_orc_garden, grunt_orc_garden, grunt_orc_garden

Skill      XL: |  1  2  3  4  5  6  7  8  9 10 11 12 13 14 15 |
---------------+----------------------------------------------+-----
Axes           | 4 5 6 8 9 10 12 13 15 16 18 | 18.0
Throwing       | 1 2 3 4 5 6 |  6.7
Fighting       | 4 5 6 7 8 9 10 11 12 13 | 13.6
Evocations     | 2 4 6 8 10 11 | 11.6
Slings         | 1 5 7 9 |  9.0
Shields        | 3 7 9 10 | 10.0
Armour         | 7 8 |  8.5
Dodging        | 6 7 |  7.8

Action                   |  1- 3 |  4- 6 |  7- 9 | 10-12 | 13-15 || total
-------------------------+-------+-------+-------+-------+-------++-------
Melee: Hand axe          |    77 |    86 |    82 |    13 |   879 ||  1137
       Headbutt          |    10 |    10 |    38 |    49 |   254 ||   361
       Punch             |       |     1 |     1 |     2 |       ||     4
       Flail             |       |       |   103 |   140 |     6 ||   249
       Mace              |       |       |       |    62 |     5 ||    67
 Fire: Hunting sling     |       |       |   236 |   543 |       ||   779
Throw: Stone             |     1 |    43 |     9 |   167 |   300 ||   520
       Dart              |       |       |     1 |    15 |     5 ||    21
       Javelin           |       |       |       |     1 |     3 ||     4
       Boomerang         |       |       |       |       |     4 ||     4
Invok: Berserk           |       |     2 |     4 |     3 |     6 ||    15
       Trog's Hand       |       |     2 |     1 |       |     7 ||    10
       Brothers in Arms  |       |       |       |       |     2 ||     2
  Use: Scroll            |       |       |       |    24 |     4 ||    28
       Potion            |       |       |       |     2 |     2 ||     4
Armor: Ring mail         |    25 |    17 |    19 |       |       ||    61
       Plate armour      |       |       |   147 |   203 |   333 ||   683
Dodge: Dodged            |    47 |    52 |   115 |   115 |   232 ||   561
Block: Buckler           |       |       |       |    14 |   107 ||   121
       Kite shield       |       |       |       |       |   174 ||   174
